 Dungeon Crawl Stone Soup version 0.29.1-13-g9f3cf754e1 (webtiles) character file.

Game seed: 4736628196336543571

173 Thatpatchoflichen the Shooter (level 5, -2/32 HPs)
             Began as a Deep Elf Hunter on Jan 25, 2023.
             Slain by a kobold
             ... wielding a +0 short sword
              (4 damage)
             ... on level 4 of the Dungeon.
             The game lasted 00:05:33 (2112 turns).

Thatpatchoflichen the Shooter (Deep Elf Hunter)     Turns: 2112, Time: 00:05:35

Health: -2/32      AC:  3    Str:  8    XL:     5   Next: 28%
Magic:  7/7        EV: 15    Int: 14    God:
Gold:   227        SH:  5    Dex: 26    Spells: 4/4 levels left

rFire   . . .      SeeInvis .   a - +0 shortbow
rCold   . . .      Faith    .   (shield currently unavailable)
rNeg    . . .      Spirit   .   c - +0 leather armour
rPois   .          Reflect  +   (no helmet)
rElec   .          Harm     .   (no cloak)
rCorr   .          Rampage  .   (no gloves)
Will    .....                   (no boots)
Stlth   ++........              u - amulet of reflection
HPRegen 0.10/turn               q - +6 ring of dexterity
MPRegen 0.10/turn               (no ring)

@: on berserk cooldown, slowed, very slow
A: no striking features
a: no special abilities


You were on level 4 of the Dungeon.
You visited 1 branch of the dungeon, and saw 4 of its levels.

You collected 227 gold pieces.

Inventory:

Hand Weapons
 a - a +0 shortbow (weapon)
Missiles
 f - 4 boomerangs
Armour
 c - a +0 leather armour (worn)
Jewellery
 q - a +6 ring of dexterity (left hand)
 u - an amulet of reflection (around neck)
Scrolls
 b - 2 scrolls of immolation
 d - a scroll of poison {unknown}
 e - 3 scrolls of teleportation
 g - a scroll of fog {unknown}
 i - a scroll of blinking {unknown}
 j - a scroll of vulnerability {unknown}
 k - a scroll of summoning {unknown}
 l - a scroll of noise {unknown}
 m - a scroll of silence {unknown}
 o - 2 scrolls of identify {unknown}
 s - a scroll of amnesia {unknown}
Potions
 n - a potion of resistance {unknown}
 p - a potion of haste {unknown}
 r - a potion of curing {unknown}
 t - a potion of heal wounds {unknown}


   Skills:
 * Level 3.1 Fighting
 - Level 6.0 Ranged Weapons
 + Level 4.5 Dodging
 - Level 2.0 Stealth


You had 4 spell levels left.
You didn't know any spells.
Your spell library was empty.

Dungeon Overview and Level Annotations

Branches:
Dungeon (4/15)
 Temple: D:4-7

Altars:
Okawaru

Annotations:
D:3 2 runed translucent doors, Dvallin's ghost, amateur DrTm


Message History

* * * LOW HITPOINT WARNING * * *
It was a potion of berserk rage.
A red film seems to cover your vision as you go berserk!
You feel yourself moving faster!
You feel mighty!
You hear some strange, mumbled words.
A magic dart appears from out of thin air!
The magic dart hits you.
* * * LOW HITPOINT WARNING * * *
The ball python barely misses you. The ball python constricts you.
You are too berserk!
You are too berserk!
You escape the ball python's grasp.
You feel a strong urge to attack something.
The door flies open with a bang!
Your surroundings suddenly seem different.
A kobold comes into view. It is wielding a +0 short sword.
Found a stone staircase leading down.
The kobold shouts!
You feel your anger nearly subside.
You are no longer berserk.
You are exhausted.
You feel yourself slow down.
A kobold is nearby!
Fire: a) +0 shortbow
Press: ? - help, Q - select action, (/) - cycle Shift-Dir - straight line, f - kobold
Aim: a kobold, wielding a +0 short sword (63% to hit)
You shoot an arrow.
The arrow hits the kobold but does no damage.
Unknown command.
Fire: a) +0 shortbow
Press: ? - help, Q - select action, (/) - cycle Shift-Dir - straight line, f/p - kobold
Aim: a kobold, wielding a +0 short sword (63% to hit)
You shoot an arrow. The arrow barely misses the kobold.
The kobold closely misses you.
Fire: a) +0 shortbow
Press: ? - help, Q - select action, (/) - cycle Shift-Dir - straight line, f/p - kobold
Aim: a kobold, wielding a +0 short sword (63% to hit)
You shoot an arrow. The arrow barely misses the kobold.
The kobold hits you with a +0 short sword.
You die...

#######
#.....#
#.....#
#...@.#
###.
#...K.#
..K.
#.....#..#
#.......#
#.....###
#...###
...>..
######


You could see a kobold.

Vanquished Creatures
  A phantom (D:3)
  Jessica (D:3)
  2 adders (D:2)
  2 worms (D:2)
  3 dart slugs
  3 orcs
  3 endoplasms
  A giant cockroach (D:1)
  2 hobgoblins
  3 jackals (D:1)
  4 kobolds
  A quokka (D:1)
  7 ball pythons
  6 bats
  4 frilled lizards (D:1)
  3 rats
46 creatures vanquished.

Vanquished Creatures (others)
  A plant (D:1)
1 creature vanquished.

Grand Total: 47 creatures vanquished

Notes
Turn   | Place    | Note
-------+----------+-------------------------------------------
     0 | D:1      | Thatpatchoflichen the Deep Elf Hunter began the quest for
                  | the Orb.
     0 | D:1      | Reached XP level 1. HP: 12/12 MP: 3/3
    79 | D:1      | Reached XP level 2. HP: 17/17 MP: 4/4
   274 | D:1      | Found a faded altar of an unknown god.
  1073 | D:2      | Found an iron altar of Okawaru.
  1194 | D:2      | Reached XP level 3. HP: 21/21 MP: 5/5
  1519 | D:2      | Reached skill level 6 in Ranged Weapons
  1649 | D:3      | Noticed Jessica
  1656 | D:3      | Killed Jessica
  1657 | D:3      | Reached XP level 4. HP: 21/27 MP: 6/6
  1814 | D:3      | Noticed a phantom
  1828 | D:3      | Killed a phantom
  1829 | D:3      | Reached XP level 5. HP: 20/32 MP: 7/7
  1958 | D:3      | Found a large runed translucent door.
  1958 | D:3      | Found a large runed translucent door.
  1961 | D:3      | Noticed Dvallin's ghost (amateur DrTm)
  1980 | D:3      | Noticed an ogre
  2103 | D:4      | HP: 1/48 [something/magic dart (3)]
  2112 | D:4      | Slain by a kobold

Illustrated notes

Levels and vault maps discovered:
D:1:      giann_bridges, layout_loops_ring, serial_aquarium,
          aquarium_bridge_long_separate [aquarium_subvault_bridge,
          aquarium_subvault_balcony, aquarium_subvault_wall,
          aquarium_subvault_wall, aquarium_subvault_bridge,
          aquarium_subvault_wall], aquarium_window_1, aquarium_window_fake,
          aquarium_view_2c, nicolae_ecumenical_lake_church,
          chequers_decorated_corner
D:2:      layout_loops_corners, serial_rivers, chequers_serial_rivers_micro_b,
          chequers_serial_rivers_small_b, chequers_serial_rivers_large_b,
          chequers_serial_rivers_large_a, basic_altar,
          kennysheep_cluttered_room, minmay_quantized
D:3:      wad_woods_settlement, layout_basic, ebering_ghost_disaster_area,
          uniq_crazy_yiuf_cottage, uniq_jessica
D:4:      layout_basic, serial_shops, shop, hangedman_decor_clover_reticule

Skill      XL: |  1  2  3  4 |
---------------+-------------+-----
Stealth        | 2 |  2.0
Fighting       | 2 3 |  3.1
Dodging        | 3 4 |  4.5
Ranged Weapons | 6 |  6.0

Action                   |  1- 3 |  4- 6 || total
-------------------------+-------+-------++-------
 Fire: Shortbow          |    88 |    32 ||   120
  Use: Scroll            |       |     1 ||     1
       Potion            |       |     1 ||     1
Armor: Leather armour    |     9 |     5 ||    14
Dodge: Dodged            |    18 |    16 ||    34
Block: Other             |       |     3 ||     3
